 Dungeon Crawl Stone Soup version 0.32-a0-818-gb728d0252e (webtiles) character file.

Game seed: 1432608212656224447

107 whatisthis the Covered (level 4, 0/38 HPs)
             Began as an Armataur Fighter on Mar 23, 2024.
             Was a Follower of Uskayaw.
             Slain by a gnoll
             ... wielding a +0 spear
             ... led by a gnoll bouda
              (3 damage)
             ... on level 4 of the Dungeon.
             The game lasted 00:03:57 (2653 turns).

whatisthis the Covered (Armataur Fighter)           Turns: 2653, Time: 00:03:57

Health: 0/38       AC:  7    Str: 22    XL:     4   Next: 56%
Magic:  4/4        EV:  6    Int:  8    God:    Uskayaw [*.....]
Gold:   166        SH:  4    Dex: 11    Spells: 3/3 levels left

rFire   . . .        a - +0 long sword
rCold   . . .        c - +0 buckler
rNeg    . . .        b - +0 scale mail
rPois   .            (no helmet)
rElec   .            (no cloak)
rCorr   +            (no gloves)
SInv    .            (no barding)
Will    .....        (no amulet) Stlth
                     m - ring of flight
HPRegen 0.26/turn    t - ring of resist corrosion
MPRegen 0.09/turn

%: roll
@: flying
A: large, deformed body, tough skin 3, armoured tail, rollpage 1
a: Renounce Religion, Stomp


You were on level 4 of the Dungeon.
You worshipped Uskayaw.
Uskayaw was noncommittal.
You visited 2 branches of the dungeon, and saw 5 of its levels.

You collected 166 gold pieces.

Inventory:

Hand Weapons
 a - a +0 long sword (weapon)
Armour
 b - a +0 scale mail (worn)
 c - a +0 buckler (worn)
Jewellery
 m - a ring of flight (left hand)
 t - a ring of resist corrosion (right hand)
Scrolls
 i - 2 scrolls of enchant weapon {unknown}
 l - 3 scrolls of vulnerability {unknown}
 n - a scroll of teleportation {unknown}
 o - 2 scrolls of identify {unknown}
 p - 2 scrolls of amnesia {unknown}
 r - a scroll of enchant armour {unknown}
Potions
 d - a potion of might
 e - a potion of resistance
 f - a potion of mutation {unknown}
 g - a potion of attraction {unknown}
 h - 4 potions of curing
 j - a potion of ambrosia {unknown}
 k - a potion of brilliance {unknown}
 q - a potion of lignification {unknown}
 s - a potion of degeneration {unknown}


   Skills:
 + Level 3.3 Fighting
 + Level 2.6 Long Blades
 + Level 4.5 Armour
 + Level 4.1 Shields


You had 3 spell levels left.
You didn't know any spells.
Your spell library was empty.

Dungeon Overview and Level Annotations

Branches:
Dungeon (4/15)             Temple (1/1) D:4

Altars:
Ashenzari
Dithmenos
Elyvilon
Fedhas
Gozag
Hepliaklqana
Kikubaaqudgha
Nemelex Xobeh
Okawaru
Qazlal
Ru
Sif Muna
Trog
Uskayaw
Vehumet
Wu Jian
Yredelemnul
The Shining One

Shops:
D:3 :   D:4 =


Innate Abilities, Weirdness & Mutations

Armour fits poorly on your strangely shaped body.
You have extremely tough skin. (AC +3)
You have a long armoured tail.
You regenerate magic when rolling toward enemies. (Rampage MPRegen)


Message History

A gnoll comes into view. It is wielding a +0 whip.
The gnoll shouts!
The gnoll closely misses you. The gnoll barely misses you.
You hit the gnoll.
The gnoll is moderately wounded.
The gnoll hits you from afar with a +0 spear.
The gnoll hits you with a +0 spear.
The gnoll hits you from afar with a +0 spear.
The gnoll bouda gazes fiercely through you!
You feel your attacks grow feeble. The gnoll hits you but does no damage.
Your attacks no longer feel as feeble.
The gnoll attacks as it pursues you! The gnoll hits you but does no damage.
The gnoll hits you but does no damage. The gnoll attacks as it pursues you!
The gnoll hits you from afar with a +0 spear.
The gnoll attacks as it pursues you! The gnoll hits you but does no damage.
The gnoll bouda gazes fiercely through you!
You feel your attacks grow feeble. The gnoll attacks as it pursues you!
The gnoll hits you from afar with a +0 spear. x2
The gnoll attacks as it pursues you! The gnoll barely misses you.
You see here 3 stones.
Your attacks no longer feel as feeble.
The gnoll bouda barks out a call to the hunt!
The gnoll is no longer moving quickly.
The gnoll attacks as it pursues you!
The gnoll hits you from afar with a +0 spear.
The gnoll is no longer moving quickly.
The gnoll attacks as it pursues you! The gnoll hits you but does no damage.
The gnoll attacks as it pursues you! You block the gnoll's attack.
The gnoll attacks as it pursues you!
The gnoll hits you from afar with a +0 spear.
* * * LOW HITPOINT WARNING * * *
The gnoll attacks as it pursues you!
The gnoll hits you from afar with a +0 spear!
* * * LOW HITPOINT WARNING * * *
The gnoll attacks as it pursues you!
The gnoll hits you from afar with a +0 spear.
You die...
Your body falls in perfect tune with the rhythm.

######........#...##.
#........#..g.#.....g
#.............#.#####
#.......##.####.# #.......g..#
#.##### ####.......####+##...
#...................#
#.##..g...#..........
#<..@.....#.........#
#....#..#.#.......#.......#..
#....#..#.#.......#.......#.#
#....#..#.#..#.########'###..
#....#..#.##.#.########.# #.#
#....#.......#........#.# #..
####....##..############.#.###.#
#...........## #.#......
#......).....## #.#.....#


You could see 2 gnolls.

Vanquished Creatures
  3 adders
  3 dart slugs
  2 ribbon worms
  An orc (D:4)
  3 ball pythons
  6 bats
  5 endoplasms
  2 giant cockroaches
  5 goblins
  3 hobgoblins
  13 jackals
  3 kobolds
  3 quokkas
  4 frilled lizards
  4 rats
60 creatures vanquished.

Notes
Turn   | Place    | Note
-------+----------+-------------------------------------------
     0 | D:1      | whatisthis the Armataur Fighter began the quest for the
                  | Orb.
     0 | D:1      | Reached XP level 1. HP: 18/18 MP: 1/1
    37 | D:1      | Reached XP level 2. HP: 25/25 MP: 2/2
   583 | D:2      | Reached XP level 3. HP: 26/31 MP: 3/3
   757 | D:2      | HP: 1/31 [poisoned by an adder]
  1471 | D:3      | Reached XP level 4. HP: 33/38 MP: 4/4
  1477 | D:3      | Found Yfea's Book Emporium.
  2308 | D:4      | Found Hoky's Jewellery Shoppe.
  2365 | D:4      | Found a staircase to the Ecumenical Temple.
  2381 | Temple   | Entered the Ecumenical Temple
  2390 | Temple   | Became a worshipper of Uskayaw the Reveller
  2432 | D:4      | Reached * piety under Uskayaw
  2653 | D:4      | Slain by a gnoll

Illustrated notes

Levels and vault maps discovered:
D:1:      zelgadis_glass_arrival_small, layout_basic
D:2:      layout_loops_cross
D:3:      layout_loops_corners, serial_shops, nicolae_diamond_shop
D:4:      layout_basic, minmay_temple_entry_glass, serial_shops,
          nicolae_shop_gaudy_bauble, uniq_natasha
Temple:   mainiacjoe_temple_coin_purse

Skill      XL: |  1  2  3  4 |
---------------+-------------+-----
Long Blades    | 2 |  2.6
Armour         | 4 |  4.5
Fighting       | 3 |  3.3
Shields        | 4 |  4.1

Action                     |  1- 3 |  4- 6 || total
---------------------------+-------+-------++-------
  Melee: Long sword        |   110 |    73 ||   183
         Tailslap          |    18 |     6 ||    24
    Use: Potion            |     2 |       ||     2
 Armour: Scale mail        |    91 |    98 ||   189
  Dodge: Dodged            |    41 |    46 ||    87
  Block: Buckler           |    16 |    27 ||    43

Table legend: (Time is in decaauts)
 A = Elapsed time spent in this place.
 B = Non-inter-level travel time spent in this place.
 C = Inter-level travel time spent in this place.
 D = Time resting spent in this place.
 E = Time spent auto-exploring this place.
 F = Levels seen in this place.
 G = Mean time per level.
                   A        B        C        D        E       F      G
               +--------+--------+--------+--------+--------+-----+--------+
         Total |   2709 |   2626 |     83 |      0 |   2073 |   5 |  541.8 |
       Dungeon |   2691 |   2616 |     75 |      0 |   2073 |   4 |  672.8 |
        Temple |     18 |     10 |      8 |      0 |      0 |   1 |   18.0 |
               +--------+--------+--------+--------+--------+-----+--------+

Top non-repeatable levels by time:
     D:3: 970 daAuts
     D:2: 785 daAuts
     D:1: 589 daAuts
     D:4: 345 daAuts
  Temple: 18 daAuts
